 Dungeon Crawl Stone Soup version 0.31-a0-703-gcfe89afef6 (webtiles) character file.

Game seed: 10799823336086968774

945 GloriousHammer the Skirmisher (level 7, -6/37 HPs)
             Began as a Deep Elf Hexslinger on Sept 9, 2023.
             Mangled by Prince Ribbit (10 damage)
             ... on level 5 of the Dungeon.
             The game lasted 00:18:43 (4856 turns).

GloriousHammer the Skirmisher (Deep Elf Hexslinger) Turns: 4856, Time: 00:18:44

Health: -6/37      AC:  3    Str:  5    XL:     7   Next: 89%
Magic:  11/17      EV: 13    Int: 18    God:
Gold:   125        SH:  0    Dex: 25    Spells: 7/17 levels left

rFire   . . .        a - +2 shortbow (freeze)
rCold   . . .        (shield currently unavailable)
rNeg    . . .        c - +0 robe
rPois   .            l - +0 helmet
rElec   .            (no cloak)
rCorr   .            (no gloves)
SInv    .            (no boots)
Will    .....        q - amulet of regeneration
Stlth   ++           D - +6 ring of dexterity
HPRegen 1.06/turn    (no ring)
MPRegen 0.15/turn

%: no passive effects
@: weak-willed, jinxed
A: no striking features
a: no special abilities


You were on level 5 of the Dungeon.
You visited 1 branch of the dungeon, and saw 5 of its levels.

You collected 250 gold pieces.
You spent 125 gold pieces at shops.

Inventory:

Hand Weapons
 a - a +2 shortbow of freezing (weapon)
Missiles
 k - 2 throwing nets
Armour
 c - a +0 robe (worn)
 j - a +1 ring mail of cold resistance
 l - a +0 helmet (worn)
Jewellery
 g - an amulet of magic regeneration
 q - an amulet of regeneration (around neck)
 C - a ring of protection from cold
 D - a +6 ring of dexterity (left hand)
Wands
 r - a wand of light (9)
Scrolls
 b - 2 scrolls of poison
 e - a scroll of fog
 m - a scroll of revelation {unknown}
Potions
 d - a potion of ambrosia {unknown}
 f - 2 potions of heal wounds
 h - a potion of lignification {unknown}
 i - 2 potions of invisibility {unknown}
 n - a potion of curing {unknown}
 o - 2 potions of attraction {unknown}
 p - 2 potions of magic
 t - a potion of degeneration {unknown}


   Skills:
 - Level 0.7 Fighting
 * Level 8.3 Ranged Weapons
 - Level 2.4 Dodging
 + Level 5.5 Spellcasting
 + Level 6.7 Hexes
 + Level 2.9 Translocations
 - Level 2.1 Fire Magic


You had 7 spell levels left.
You knew the following spells:

 Your Spells              Type           Power      Damage    Failure   Level
a - Jinxbite              Hex            58%        N/A       1%          2
b - Sigil of Binding      Hex            29%        N/A       2%          3
c - Inner Flame           Hex/Fire       20%        N/A       6%          3
d - Blink                 Tloc           30%        N/A       5%          2

Your spell library contained the following spells:

 Spells                   Type           Power      Damage    Failure   Level
 Lesser Beckoning         Tloc           30%        N/A       5%          2
 Cause Fear               Hex            14%        N/A       8%          4
 Momentum Strike          Conj/Tloc      20%        3d8       11%         2
 Dimensional Bullseye     Hex/Tloc       11%        N/A       17%         4
 Animate Dead             Necr           4%         N/A       77%         4
 Borgnjor's Vile Clutch   Necr/Erth      2%         N/A       98%         5
 Conjure Ball Lightning   Conj/Air       2%         3x3d6     100%        6
 Death Channel            Necr           2%         N/A       100%        6
 Haunt                    Necr/Summ      2%         N/A       100%        7
 Borgnjor's Revivificati  Necr           2%         N/A       100%        8
 Discord                  Hex            14%        N/A       100%        8
 Disjunction              Tloc           7%         N/A       100%        8
 Death's Door             Necr           2%         N/A       100%        9


Dungeon Overview and Level Annotations

Branches:
Dungeon (5/15)             Temple (0/1) D:5

Altars:
Hepliaklqana
Okawaru

Shops:
D:2 *

Annotations:
D:2 exclusion: downstairs, Terence
D:4 3 runed translucent doors, equiv's ghost, amateur DgWr
D:5 Prince Ribbit


Message History

You shoot an arrow. The arrow hits Edmund.
The arrow freezes Edmund.
Edmund is lightly wounded.
You shoot an arrow. The arrow hits Edmund.
The arrow freezes Edmund.
Edmund is moderately wounded.
You shoot an arrow. The arrow hits Edmund.
The arrow freezes Edmund.
Edmund is heavily wounded.
You shoot an arrow.
The arrow hits Edmund but does no damage.
Edmund is heavily wounded.
You shoot an arrow. The arrow hits Edmund!
The arrow freezes Edmund.
Edmund is severely wounded.
Edmund's lost momentum returns to it!
You shoot an arrow.
The arrow hits Edmund but does no damage.
Edmund is severely wounded.
You shoot an arrow. The arrow hits Edmund!
The arrow freezes Edmund.
Edmund is almost dead.
Edmund closely misses you.
You shoot an arrow.
The arrow hits Edmund but does no damage.
Edmund is almost dead.
Edmund hits you with a +2 flail of draining.
You feel drained.
Unknown command.
Unknown command.
You shoot an arrow.
The arrow hits Edmund but does no damage.
Edmund is almost dead.
Edmund hits you with a +2 flail of draining.
You feel drained.
Unknown command.
Casting: Sigil of Binding (dangerous; 2% risk of failure)
Confirm with . or Enter, or press ? or * to list all spells.
You beckon some vexing sprites to accompany your attacks.
You feel your willpower being sapped.
Edmund hits you with a +2 flail of draining!
You feel drained.
You shoot an arrow. The arrow closely misses Edmund.
Edmund closely misses you.
You shoot an arrow. The arrow barely misses Edmund.
A giggling sprite leaps out and bonks Edmund with its +2 flail of draining.
You kill Edmund!
Your life force feels restored.
Your Ranged Weapons skill increases to level 8!
Things that are here:
a +2 flail of draining; a +0 chain mail The sprites lose interest in your situation.
HP restored.
Magic restored.
You feel your willpower return.
A scorpion comes into view.
You shoot an arrow. The arrow hits the scorpion.
The arrow freezes the scorpion.
The scorpion is lightly wounded.
You shoot an arrow.
The arrow hits the scorpion but does no damage.
The scorpion is lightly wounded.
You shoot an arrow. The arrow hits the scorpion.
The arrow freezes the scorpion.
The scorpion is moderately wounded.
You shoot an arrow. The arrow hits the scorpion!
The arrow freezes the scorpion.
The scorpion is almost dead.
You shoot an arrow. The arrow hits the scorpion.
The arrow freezes the scorpion.
You kill the scorpion!
Prince Ribbit comes into view.
You shoot an arrow. The arrow hits Prince Ribbit!
The arrow freezes Prince Ribbit.
Prince Ribbit gives a loud, deep croak!
Prince Ribbit is moderately wounded.
Casting: Jinxbite (safe; 1% risk of failure)
Confirm with . or Enter, or press ? or * to list all spells.
You beckon some vexing sprites to accompany your attacks.
You feel your willpower being sapped. Prince Ribbit hits you!
Casting: Jinxbite (safe; 1% risk of failure)
Confirm with . or Enter, or press ? or * to list all spells.
You inscribe a pair of binding sigils nearby!
Prince Ribbit hits you!!
* * * LOW HITPOINT WARNING * * *
Found a staircase to the Ecumenical Temple.
Okay, then.
Casting: Sigil of Binding (dangerous; 2% risk of failure)
Confirm with . or Enter, or press ? or * to list all spells.
You blink.
Prince Ribbit blinks!
You are too injured to fight recklessly!
Unknown command.
You shoot an arrow. The arrow hits Prince Ribbit!
The arrow freezes Prince Ribbit.
Prince Ribbit is heavily wounded.
Prince Ribbit hits you!
* * * LOW HITPOINT WARNING * * *
Casting: Blink (safe; 5% risk of failure)
Confirm with . or Enter, or press ? or * to list all spells.
Okay, then.
You feel stable enough to blink again.
Prince Ribbit attacks as he pursues you!
Prince Ribbit barely misses you. Prince Ribbit hits you!
You die...

... ..#.#........##. .
...# .............#.## .
...# .........##....##. #
#..##........[........ #.
#................>...
...##....# #.........
.>.......# #.....#...
...##^.F.# #.....#..#
#...@#######.....##.#
#..##.................
....##.^.#####.....###.#
#...##..#.#.............<
.#...#..##.#.###.#.#####.#
.............#.....#####.#
.......###.#.#.#...#.....#
####### #.........#......
#.#.#.#...#.##...


You could see Prince Ribbit.

Vanquished Creatures
  Edmund (D:5)
  2 ogres (D:4)
  A scorpion (D:5)
  A gnoll bouda (D:3)
  A hound (D:3)
  2 jellies (D:4)
  Natasha (thrice) (D:2)
  2 iguanas
  3 orc wizards
  5 adders
  12 gnolls
  An ufetubus (D:4)
  6 worms
  A dart slug (D:2)
  7 orcs
  5 endoplasms
  4 giant cockroaches
  6 goblins
  8 hobgoblins
  8 quokkas
  12 ball pythons
  6 bats
  6 frilled lizards
  9 kobolds
  7 rats
119 creatures vanquished.

Notes
Turn   | Place    | Note
-------+----------+-------------------------------------------
     0 | D:1      | GloriousHammer the Deep Elf Hexslinger began the quest for
                  | the Orb.
     0 | D:1      | Reached XP level 1. HP: 11/11 MP: 5/5
    49 | D:1      | Reached skill level 3 in Ranged Weapons
   246 | D:1      | Reached XP level 2. HP: 16/16 MP: 6/6
   653 | D:1      | Learned a level 2 spell: Jinxbite
   737 | D:2      | Reached XP level 3. HP: 20/20 MP: 5/8
   824 | D:2      | Found Secwar's General Store.
   870 | D:2      | Bought a +0 helmet for 45 gold pieces
   965 | D:2      | Found a hazy altar of Hepliaklqana.
   998 | D:2      | Noticed Terence
  1139 | D:2      | Reached skill level 4 in Ranged Weapons
  1222 | D:2      | Noticed Natasha
  1229 | D:2      | Killed Natasha
  1230 | D:2      | Reached XP level 4. HP: 23/24 MP: 7/10
  1252 | D:2      | Learned a level 3 spell: Sigil of Binding
  1256 | D:2      | Learned a level 3 spell: Inner Flame
  1517 | D:2      | Noticed Natasha
  1527 | D:2      | Killed Natasha
  1715 | D:2      | Noticed Natasha
  1718 | D:2      | Killed Natasha
  1735 | D:2      | Found a hazy altar of Hepliaklqana.
  1810 | D:2      | Found Secwar's General Store.
  2270 | D:2      | Bought a potion of magic for 80 gold pieces
  2315 | D:2      | Reached skill level 5 in Ranged Weapons
  2315 | D:2      | Reached skill level 5 in Hexes
  2315 | D:2      | Reached XP level 5. HP: 28/28 MP: 8/11
  2701 | D:3      | Reached skill level 6 in Ranged Weapons
  2701 | D:3      | Reached XP level 6. HP: 33/33 MP: 12/14
  2753 | D:3      | Learned a level 2 spell: Blink
  3585 | D:4      | Reached skill level 1 in Translocations
  3589 | D:4      | Found an iron altar of Okawaru.
  3634 | D:4      | Reached skill level 7 in Ranged Weapons
  3634 | D:4      | Reached XP level 7. HP: 23/37 MP: 12/15
  3908 | D:4      | Found a runed translucent gate.
  3908 | D:4      | Found a runed translucent gate.
  3909 | D:4      | Found a runed translucent gate.
  3916 | D:4      | Noticed equiv's ghost (amateur DgWr)
  4497 | D:5      | Entered Level 5 of the Dungeon
  4657 | D:4      | Reached skill level 5 in Spellcasting
  4754 | D:5      | Noticed Edmund
  4777 | D:5      | Killed Edmund
  4778 | D:5      | Reached skill level 8 in Ranged Weapons
  4847 | D:5      | Noticed Prince Ribbit
  4851 | D:5      | Found a staircase to the Ecumenical Temple.
  4856 | D:5      | Mangled by Prince Ribbit

Illustrated notes

Levels and vault maps discovered:
D:1:      dpeg_arrival_orchard, layout_loops_cross, chequers_jeans,
          minmay_pentomino_p2
D:2:      layout_rooms, serial_shops, nicolae_shop_waterfront, basic_altar,
          serial_corexii_hall, chequers_hall_statues_y, chequers_hall_statues_y,
          chequers_avenue, kennysheep_nondescript, roderic_lattice_a,
          grunt_ministairs_4, st_stairs_11, uniq_terence, uniq_natasha
D:3:      layout_basic, kennysheep_generic_room_5
D:4:      minmay_octagon_keep, layout_basic, okawaru_trees_2,
          ebering_ghost_rock_garden, corexii_shack, hex_medium
D:5:      layout_basic, minmay_temple_entry_waves,
          gammafunk_ghost_abyssal_escape, uniq_edmund, uniq_ijyb,
          uniq_prince_ribbit1

Skill      XL: |  1  2  3  4  5  6  7 |
---------------+----------------------+-----
Ranged Weapons | 3 4 5 6 7 8 |  8.3
Spellcasting   | 2 3 4 5 |  5.5
Fire Magic     | 2 |  2.1
Hexes          | 5 6 |  6.7
Translocations | 1 2 |  2.9
Fighting       | |  0.7
Dodging        | |  2.4

Action                     |  1- 3 |  4- 6 |  7- 9 || total
---------------------------+-------+-------+-------++-------
   Fire: Sling             |   118 |   159 |    55 ||   332
         Shortbow          |       |       |    25 ||    25
   Cast: Jinxbite          |     3 |     8 |     3 ||    14
         Inner Flame       |       |     5 |     2 ||     7
         Sigil of Binding  |       |     7 |     6 ||    13
         Blink             |       |       |     1 ||     1
    Use: Scroll            |       |     2 |     1 ||     3
 Armour: Robe              |    18 |    58 |    15 ||    91
  Dodge: Dodged            |    27 |    51 |    12 ||    90

Table legend: (Time is in decaauts)
 A = Elapsed time spent in this place.
 B = Non-inter-level travel time spent in this place.
 C = Inter-level travel time spent in this place.
 D = Time resting spent in this place.
 E = Time spent auto-exploring this place.
 F = Levels seen in this place.
 G = Mean time per level.
                   A        B        C        D        E       F      G
               +--------+--------+--------+--------+--------+-----+--------+
         Total |   4930 |   4450 |    480 |    278 |   3264 |   5 |  986.0 |
       Dungeon |   4930 |   4450 |    480 |    278 |   3264 |   5 |  986.0 |
               +--------+--------+--------+--------+--------+-----+--------+

Top non-repeatable levels by time:
     D:2: 1874 daAuts
     D:4: 1103 daAuts
     D:3: 1090 daAuts
     D:1: 682 daAuts
     D:5: 180 daAuts
